 Dungeon Crawl Stone Soup version 0.26-a0-259-g1effd001a9 (webtiles) character file.

Game seed: 12802907382893080276

2161 gruber the Changer (level 9, -7/76 HPs)
             Began as a Pale Draconian Transmuter on July 27, 2020.
             Was an Initiate of Cheibriados.
             Mangled by a hippogriff (10 damage)
             ... on level 7 of the Dungeon.
             The game lasted 00:11:55 (7805 turns).

gruber the Changer (Pale Draconian Transmuter)      Turns: 7805, Time: 00:11:55

Health: -7/76      AC:  6    Str: 14    XL:     9   Next: 10%
Magic:  15/18      EV:  9    Int: 17    God:    Cheibriados [......]
Gold:   93         SH:  0    Dex: 13    Spells: 6/20 levels left

rFire    x . .     SeeInvis .     - Unarmed
rCold    + + +     Faith    .   (shield currently unavailable)
rNeg     . . .     Spirit   .   (armour unavailable)
rPois    +         Reflect  .   (helmet currently unavailable)
rElec    .         Harm     .   (cloak currently unavailable)
rCorr    .                      (gloves currently unavailable)
MR       .....                  (boots currently unavailable)
Stlth    +.........             (no amulet)
HPRegen  0.22/turn              (no ring)
MPRegen  0.16/turn              (no ring)

@: ice-form, drained, very slow
A: large, (breathe steam), unfitting armour, AC +7
a: End Transformation, Bend Time, Renounce Religion


You were on level 7 of the Dungeon.
You worshipped Cheibriados.
Cheibriados was noncommittal.
You were not hungry.
You were a creature of crystalline ice.
You visited 2 branches of the dungeon, and saw 8 of its levels.

You collected 250 gold pieces.
You spent 157 gold pieces at shops.

Inventory:

Missiles
 a - 44 arrows
Armour
 o - a +1 pair of boots (melded)
 x - a -2 cloak
Wands
 j - a wand of acid (7)
 s - a wand of disintegration (14)
 v - a wand of iceblast (9)
 z - a wand of flame (35)
 B - a wand of random effects (21)
Scrolls
 d - 5 scrolls of teleportation
 e - a scroll of fear {unknown}
 f - a scroll of blinking {unknown}
 h - 3 scrolls of identify
 k - a scroll of immolation {unknown}
 m - a scroll of random uselessness {unknown}
 n - a scroll of amnesia
 r - a scroll of magic mapping {unknown}
 y - a scroll of remove curse
 A - a scroll of torment {unknown}
Potions
 b - a potion of cancellation
 g - a potion of ambrosia
 i - a potion of lignification
 l - 2 potions of curing
 p - a potion of degeneration
 q - 2 potions of brilliance
 t - a potion of stabbing
 u - 3 potions of flight
 w - a potion of heal wounds
 C - a potion of magic {unknown}
Comestibles
 c - 22 rations


   Skills:
 - Level 1.1(0.3) Fighting
 - Level 1.7(1.0) Dodging
 - Level 5.0(4.2) Unarmed Combat
 - Level 6.1(5.3) Spellcasting
 * Level 6.4(5.6) Transmutations
 - Level 6.0(5.1) Ice Magic
 - Level 3.1(2.3) Poison Magic
 - Level 0.1(0.0) Invocations


You had 6 spell levels left.
You knew the following spells:

 Your Spells              Type           Power        Failure   Level
a - Beastly Appendage     Tmut           ###...       1%          1
b - Sticks to Snakes      Tmut           ###.....     1%          2
c - Spider Form           Tmut/Pois      ###.......   9%          3
d - Ice Form              Ice/Tmut       ###.....     16%         4
e - Petrify               Tmut/Erth      ##......     41%         4

Your spell library contained the following spells:

 Spells                   Type           Power        Failure   Level
 Animate Skeleton         Necr           #.....       14%         1
 Pain                     Necr           #...         14%         1
 Blade Hands              Tmut           ###.......   36%         5
 Confusing Touch          Hex            #.......     38%         3
 Gell's Gravitas          Tloc           #.........   38%         3
 Vampiric Draining        Necr           #.........   38%         3
 Yara's Violent Unravell  Hex/Tmut       ##........   77%         5
 Animate Dead             Necr           #.........   80%         4
 Metabolic Englaciation   Hex/Ice        ##........   80%         5
 Agony                    Necr           #.......     98%         5


Dungeon Overview and Level Annotations

Branches:
Dungeon (7/15)             Temple (1/1) D:4

Altars:
Ashenzari
Cheibriados
Dithmenos
Elyvilon
Fedhas
Gozag
Kikubaaqudgha
Makhleb
Okawaru
Qazlal
Ru
Trog
Uskayaw
Vehumet
Wu Jian
Xom
Yredelemnul
Zin
The Shining One

Shops:
D:4 [   D:6 *


Innate Abilities, Weirdness & Mutations

((You can breathe blasts of scalding, opaque steam.))
((Your pale cyan-grey scales are hard. (AC +7)))
You cannot fit into any form of body armour.
((You are cold-blooded and may be slowed by cold attacks.))


Message History

The hippogriff completely misses you. The hippogriff pecks you.
* * * LOW HITPOINT WARNING * * *
The hippogriff claws you.
* * * LOW HITPOINT WARNING * * *
You punch the hippogriff! You freeze the hippogriff.
The hippogriff is severely wounded.
The hippogriff bites you.
* * * LOW HITPOINT WARNING * * *
The hippogriff pecks you but does no damage.
The hippogriff closely misses you.
You hit the hippogriff. You freeze the hippogriff.
The hippogriff is almost dead.
The hippogriff bites you!
* * * LOW HITPOINT WARNING * * *
The hippogriff pecks you but does no damage.
The hippogriff claws you but does no damage.
You barely miss the hippogriff.
The hippogriff is almost dead.
The hippogriff bites you!
You die...

##########
#........#
+.........
######)....8...
.......Z.H....#
#. #Z# #.# #H#
#.# #Y#
####.#####.#
#..........#
#..........#
#..........#
#..........#
#..........#.#
#..........#.#
#..........#.#
#


You could see a hippogriff, a bullfrog zombie and a centaur zombie.

Vanquished Creatures
  A hippogriff (D:6)
  Prince Ribbit (D:5)
  Eustachio (D:5)
  A sky beast (D:6)
  A phantom (D:6)
  5 ogres
  A crocodile (D:5)
  2 bullfrogs (D:6)
  A scorpion (D:6)
  3 wights
  A jelly (D:6)
  2 bullfrog skeletons
  3 hounds (D:6)
  3 orc wizards
  2 orc priests (D:4)
  An iguana (D:5)
  A worker ant (D:5)
  A hound zombie (D:7)
  A hound skeleton (D:6)
  A mummy (D:7)
  7 adders
  2 ufetubi
  An adder zombie (D:7)
  3 adder skeletons
  4 worms (D:2)
  3 dart slugs
  3 leopard geckos
  21 orcs
  5 bats
  A bat zombie (D:1)
  11 goblins
  10 hobgoblins
  7 jackals
  3 quokkas
  2 ball pythons
  7 frilled lizards
  A jackal zombie (D:1)
  7 kobolds
  12 rats
143 creatures vanquished.

Vanquished Creatures (collateral kills)
  An ogre (D:3)
  2 orcs (D:5)
3 creatures vanquished.

Vanquished Creatures (others)
  A plant (D:2)
1 creature vanquished.

Grand Total: 147 creatures vanquished

Notes
Turn   | Place    | Note
-------+----------+-------------------------------------------
     0 | D:1      | gruber the Draconian Transmuter began the quest for the
                  | Orb.
     0 | D:1      | Reached XP level 1. HP: 16/16 MP: 3/3
   455 | D:1      | Reached XP level 2. HP: 12/23 MP: 3/5
  1263 | D:2      | Reached XP level 3. HP: 14/28 MP: 6/6
  1508 | D:2      | Learned a level 2 spell: Sticks to Snakes
  1512 | D:2      | Learned a level 3 spell: Spider Form
  2103 | D:2      | Reached XP level 4. HP: 35/35 MP: 7/7
  2119 | D:2      | Reached skill level 5 in Unarmed Combat
  2636 | D:3      | Reached skill level 1 in Poison Magic
  2842 | D:3      | Found a shimmering altar of Xom.
  2843 | D:3      | Found a shattered altar of Ashenzari.
  3184 | D:3      | Reached XP level 5. HP: 35/40 MP: 4/8
  3554 | D:4      | Found a staircase to the Ecumenical Temple.
  4018 | D:4      | Noticed an ogre
  4061 | D:3      | Killed an ogre
  4061 | D:3      | Reached XP level 6. HP: 30/47 MP: 0/9
  4383 | D:4      | Found Votil's Antique Armour Boutique.
  4389 | D:4      | Found a radiant altar of Vehumet.
  4430 | D:4      | Bought a runed cloak for 157 gold pieces
  4521 | D:4      | Reached skill level 5 in Transmutations
  4667 | D:5      | Entered Level 5 of the Dungeon
  4673 | D:5      | Found a blossoming altar of Fedhas.
  4673 | D:5      | Found an ancient bone altar of Kikubaaqudgha.
  4673 | D:5      | Noticed Prince Ribbit
  4690 | D:5      | Killed Prince Ribbit
  4690 | D:5      | Your scales start taking on a pale cyan-grey colour.
  4690 | D:5      | Reached XP level 7. HP: 50/52 MP: 4/12
  4835 | D:5      | Noticed Eustachio
  4865 | D:5      | Killed Eustachio
  5025 | D:5      | Reached skill level 5 in Spellcasting
  5075 | D:4      | Learned a level 4 spell: Ice Form
  5080 | D:4      | Learned a level 4 spell: Petrify
  5278 | D:5      | Reached XP level 8. HP: 38/59 MP: 11/16
  5966 | D:5      | Reached skill level 1 in Ice Magic
  6272 | D:6      | Found an opulent altar of Gozag.
  6290 | D:6      | Noticed a hippogriff
  6316 | D:6      | Killed a hippogriff
  6629 | D:5      | Reached skill level 5 in Ice Magic
  6663 | Temple   | Entered the Ecumenical Temple
  6711 | Temple   | Became a worshipper of Cheibriados the Contemplative
  6759 | D:6      | Found Zin's Purification Station.
  6759 | D:6      | Found a glowing silver altar of Zin.
  7304 | D:6      | Reached XP level 9. HP: 42/64 MP: 15/18
  7804 | D:7      | HP: 2/76 [hippogriff (7)]
  7805 | D:7      | Mangled by a hippogriff

Illustrated notes

Levels and vault maps discovered:
D:1:      saegor_arrival_fortress, layout_basic
D:2:      minmay_diamond_boxcup, layout_basic, serial_bayou,
          serial_bayou_pond_e, serial_bayou_lagoon_a, serial_bayou_lake_a,
          serial_bayou_pond_d
D:3:      layout_loops_ring, nicolae_overflow_hidden_temple
D:4:      kennysheep_spiral_hall, layout_basic, lemuel_round_altar,
          temple_statues, serial_shops, shop, hangedman_decor_riveting,
          minmay_cupped
D:5:      layout_basic, grunt_temple_overflow_growth_and_decay, first_ration,
          uniq_prince_ribbit1, uniq_eustachio
D:6:      layout_rooms, zin_purify, nicolae_overflow_crystal_walls,
          minmay_misc_feat_diagonals
D:7:      layout_basic, overflow_temple_1_default, serial_undead,
          serial_undead_b, serial_undead_e, serial_undead_b, serial_undead_d,
          serial_undead_e
Temple:   nicolae_temple_god_jail

Skill      XL: |  1  2  3  4  5  6  7  8  9 |
---------------+----------------------------+-----
Unarmed Combat | 4 5 |  5.0
Poison Magic   | 2 3 |  3.1
Transmutations | 3 5 6 |  6.4
Spellcasting   | 3 5 6 |  6.1
Ice Magic      | 6 |  6.0
Fighting       | |  1.1
Dodging        | |  1.7
Invocations    | |  0.1

Action                   |  1- 3 |  4- 6 |  7- 9 || total
-------------------------+-------+-------+-------++-------
Melee: Unarmed           |   132 |   183 |   259 ||   574
       Kick              |     7 |     2 |       ||     9
       Tailslap          |     5 |    18 |     6 ||    29
       Punch             |     1 |     3 |       ||     4
       Headbutt          |       |     3 |     4 ||     7
 Cast: Beastly Appendage |    11 |     4 |     3 ||    18
       Sticks to Snakes  |     2 |     3 |     6 ||    11
       Spider Form       |       |     6 |    23 ||    29
       Ice Form          |       |       |     4 ||     4
  Use: Potion            |     2 |       |     1 ||     3
       Scroll            |       |     9 |       ||     9
 Stab: Sleeping          |     1 |       |     1 ||     2
  Eat: Ration            |     1 |     3 |     2 ||     6
Armor: Skin              |    31 |    51 |    60 ||   142
Dodge: Dodged            |    65 |   116 |   234 ||   415

Table legend:
 A = Non-vault XP
 B = Vault XP
 C = Vault XP percentage of total XP
 D = Non-vault monster count
 E = Vault monster count
 F = Vault count percentage of total count
                 A         B        C        D         E       F
            +---------+---------+-------+---------+---------+-------
      Total |    2328 |     760 |  24.6 |     124 |      22 |  15.1
            +---------+---------+-------+---------+---------+-------
        D:1 |      18 |       3 |  14.3 |      11 |       2 |  15.4
        D:2 |      63 |      27 |  30.0 |      23 |       8 |  25.8
        D:3 |     216 |       0 |   0.0 |      30 |       0 |   0.0
        D:4 |     258 |      62 |  19.4 |      14 |       5 |  26.3
        D:5 |     630 |     453 |  41.8 |      26 |       2 |   7.1
        D:6 |    1137 |     114 |   9.1 |      19 |       2 |   9.5
        D:7 |       6 |     101 |  94.4 |       1 |       3 |  75.0
            +---------+---------+-------+---------+---------+-------
